 Dungeon Crawl Stone Soup version 0.31-a0-200-gbc41564c69 (webtiles) character file.

Game seed: 6606085819849876745

66 qw the Shooter (level 3, 0/20 HPs)
             Began as a Deep Elf Hunter on June 25, 2023.
             Slain by a jackal (2 damage)
             ... on level 2 of the Dungeon.
             The game lasted 00:00:57 (646 turns).

qw the Shooter (Deep Elf Hunter)                     Turns: 646, Time: 00:00:57

Health: 0/20       AC:  4    Str: 10    XL:     3   Next: 96%
Magic:  5/5        EV: 12    Int: 13    God:
Gold:   58         SH:  0    Dex: 18    Spells: 2/2 levels left

rFire   . . .        Y - +0 shortbow
rCold   . . .        (shield currently unavailable)
rNeg    . . .        c - +0 leather armour
rPois   .            (no helmet)
rElec   .            (no cloak)
rCorr   .            e - +0 pair of gloves
SInv    .            (no boots)
Will    .....        (no amulet)
Stlth   ++           (no ring)
HPRegen 0.23/turn    (no ring)
MPRegen 0.09/turn

%: no passive effects
@: no status effects
A: no striking features
a: no special abilities


You were on level 2 of the Dungeon.
You visited 1 branch of the dungeon, and saw 2 of its levels.

You collected 58 gold pieces.


   Skills:
 - Level 1.5 Fighting
 + Level 7.4 Ranged Weapons
 - Level 2.4 Dodging
 - Level 1.2 Stealth


You had 2 spell levels left.
You didn't know any spells.
Your spell library was empty.

Inventory:

Hand Weapons
 Y - a +0 shortbow (weapon)
Armour
 c - a +0 leather armour (worn)
 e - a +0 pair of gloves (worn)
Scrolls
 h - a scroll of identify
Potions
 j - a potion of might {unknown}
 k - a potion of curing {unknown}

Dungeon Overview and Level Annotations

Branches:
Dungeon (2/15)

Altars:

Shops:
D:1 !


Message History

You shoot an arrow. The arrow barely misses the jackal.
The jackal barely misses you. The jackal bites you. The jackal misses you.
You shoot an arrow. The arrow misses the jackal.
The jackal barely misses you.
The jackal bites you but does no damage.
The jackal misses you. The jackal bites you. The jackal closely misses you.
You shoot an arrow. The arrow hits the jackal.
You kill the jackal!
The jackal closely misses you. The jackal bites you.
The jackal closely misses you. The jackal barely misses you. x2
You shoot an arrow. The arrow barely misses the adder.
The jackal bites you. The adder bites you but does no damage.
The jackal barely misses you.
The jackal bites you but does no damage.
The jackal misses you. The jackal closely misses you.
The adder barely misses you.
You shoot an arrow. The arrow hits the adder.
The adder is heavily wounded.
The jackal barely misses you. x2; The jackal closely misses you.
The jackal bites you but does no damage.
The adder bites you but does no damage. The jackal barely misses you.
The jackal misses you.
The jackal bites you but does no damage.
You shoot an arrow. The arrow barely misses the adder.
The jackal bites you. The adder bites you. The jackal closely misses you.
The jackal bites you but does no damage.
The jackal barely misses you. x2
You shoot an arrow. The arrow hits the adder.
The adder is heavily wounded.
The jackal closely misses you. The adder bites you but does no damage.
The jackal stops to sniff the ground.
The jackal closely misses you.
The jackal bites you but does no damage.
The jackal barely misses you. x2; The adder bites you but does no damage.
The jackal closely misses you. The jackal bites you.
You shoot an arrow. The arrow hits the adder.
The adder is almost dead.
The jackal bites you but does no damage.
The jackal bites you.
You die...

#.......##
.........#
.........#
....$....# ######
.........# #....#
......... #....#
#.....Sh## #....#
#....h@h# ####....#
#####h#.#
#.......## #.#.##
#.#.....# #.#..##
#....##.# #..#..#
#####..#..
##.##.####.####....
#. #....#.........
#. ####..%#######.
#. ###...# #.


You could see an adder and 4 jackals.

Vanquished Creatures
  3 adders (D:2)
  A dart slug (D:1)
  3 bats (D:1)
  6 endoplasms
  A giant cockroach (D:1)
  A hobgoblin (D:1)
  6 jackals
  4 kobolds
  A quokka (D:1)
  5 ball pythons
  A frilled lizard (D:2)
  2 rats
34 creatures vanquished.

Notes
Turn   | Place    | Note
-------+----------+-------------------------------------------
     0 | D:1      | qw the Deep Elf Hunter began the quest for the Orb.
     0 | D:1      | Reached XP level 1. HP: 12/12 MP: 3/3
     0 | D:1      | 0 ||| qw: Version: 0.3-a-22-g0ed2b0b
     0 | D:1      | 0 ||| qw: Game counter: 5506
     0 | D:1      | 0 ||| qw: Melee chars always use a shield: true
     0 | D:1      | 0 ||| qw: God list: Okawaru
     0 | D:1      | 0 ||| qw: Allow faded altars: false
     0 | D:1      | 0 ||| qw: Do Orc after clearing Dungeon:15 true
     0 | D:1      | 0 ||| qw: Do second Lair branch before Depths: true
     0 | D:1      | 0 ||| qw: Lair rune preference: random
     0 | D:1      | 0 ||| qw: Goals: Normal
     0 | D:1      | 0 ||| PLANNING D:1-11
    59 | D:1      | Found Gagg's Distillery.
    62 | D:1      | 62 ||| SHOPLISTING potion of curing (30 gold, have 16).
    62 | D:1      | 62 ||| SHOPLISTING potion of might (40 gold, have 16).
    62 | D:1      | 62 ||| SHOPLISTING potion of mutation (80 gold, have 16).
   102 | D:1      | Found a faded altar of an unknown god.
   111 | D:1      | Reached skill level 6 in Ranged Weapons
   111 | D:1      | Reached XP level 2. HP: 16/16 MP: 4/4
   286 | D:1      | 286 ||| FLEEEEING.
   396 | D:1      | 396 ||| FLEEEEING.
   397 | D:1      | 397 ||| FLEEEEING.
   399 | D:1      | 399 ||| FLEEEEING.
   400 | D:1      | 400 ||| FLEEEEING.
   401 | D:1      | 401 ||| FLEEEEING.
   444 | D:1      | Reached XP level 3. HP: 15/20 MP: 5/5
   444 | D:1      | 444 ||| FLEEEEING.
   448 | D:1      | 448 ||| FLEEEEING.
   449 | D:1      | 449 ||| FLEEEEING.
   450 | D:1      | 450 ||| FLEEEEING.
   451 | D:1      | 451 ||| FLEEEEING.
   452 | D:1      | 452 ||| FLEEEEING.
   453 | D:1      | 453 ||| FLEEEEING.
   454 | D:1      | 454 ||| FLEEEEING.
   455 | D:1      | 455 ||| FLEEEEING.
   456 | D:1      | 456 ||| FLEEEEING.
   457 | D:1      | 457 ||| FLEEEEING.
   458 | D:1      | 458 ||| FLEEEEING.
   522 | D:1      | 522 ||| UPGRADING to +0 pair of gloves.
   527 | D:1      | 527 ||| READING scroll labelled EMUTTO LODE.
   531 | D:1      | 531 ||| READING scroll labelled MOYXEL CAEGIZEA.
   532 | D:1      | 532 ||| READING 3 scrolls labelled PUFRIFF ATUK.
   533 | D:1      | 533 ||| READING scroll labelled DYFRITT EMUELO.
   534 | D:1      | 534 ||| READING scroll labelled DUZUPPIVUKU.
   535 | D:1      | 535 ||| READING 2 scrolls labelled YSSAIM ICVOEG.
   536 | D:1      | 536 ||| READING 2 scrolls of identify.
   536 | D:1      | 536 ||| IDENTIFYING bubbling blue potion
   537 | D:1      | 537 ||| DROPPING scroll of butterflies.
   538 | D:1      | 538 ||| DROPPING potion of lignification.
   539 | D:1      | 539 ||| DROPPING scroll of fear.
   607 | D:2      | Reached skill level 7 in Ranged Weapons
   644 | D:2      | HP: 3/20 [adder (4)]
   645 | D:2      | HP: 1/20 [jackal (2)]
   646 | D:2      | Slain by a jackal

Levels and vault maps discovered:
D:1:      lightli_arrival_chessboard, layout_basic, serial_shops,
          nicolae_shop_tiny_real_fake_doors, basic_ecumenical_altar
D:2:      layout_rooms, basic_altar, minmay_stone_trees_small,
          minmay_tree_intersection

Skill      XL: |  1  2  3 |
---------------+----------+-----
Ranged Weapons | 6 7 |  7.4
Fighting       | |  1.5
Dodging        | |  2.4
Stealth        | |  1.2

Action                     || total
---------------------------++-------
   Fire: Shortbow          ||    99
    Use: Scroll            ||     7
 Armour: Leather armour    ||    27
  Dodge: Dodged            ||    64

Table legend:
 A = Non-vault XP
 B = Vault XP
 C = Vault XP percentage of total XP
 D = Non-vault monster count
 E = Vault monster count
 F = Vault count percentage of total count
                 A         B        C        D         E       F
            +---------+---------+-------+---------+---------+-------
      Total |      95 |       0 |   0.0 |      34 |       0 |   0.0
            +---------+---------+-------+---------+---------+-------
        D:1 |      43 |       0 |   0.0 |      23 |       0 |   0.0
        D:2 |      52 |       0 |   0.0 |      11 |       0 |   0.0
            +---------+---------+-------+---------+---------+-------
